 Dungeon Crawl Stone Soup version 0.18.1-48-g4cf74bf (webtiles) character file.

118471 ViktorVaughn the Spry (level 16, -1/109 HPs)
             Began as a Merfolk Ice Elementalist on July 21, 2016.
             Was the Champion of Sif Muna.
             Succumbed to a redback's poison
             ... on level 1 of the Spider Nest.
             The game lasted 01:36:12 (35716 turns).

ViktorVaughn the Spry (Merfolk Ice Elementalist)   Turns: 35716, Time: 01:36:13

Health: -1/109     AC: 14    Str:  9    XL:     16   Next: 76%
Magic:  16/34      EV: 31    Int: 16    God:    Sif Muna [******]
Gold:   2383       SH:  0    Dex: 24    Spells: 10 memorised, 1 level left

rFire  . . .     SeeInvis +     d - +2 demon trident (elec)
rCold  . . .     Gourm    .     b - +2 robe {MR+}
rNeg   . . .     Faith    .     (no shield)
rPois  .         Spirit   .     p - +2 helmet
rElec  .         Dismiss  .     o - +2 cloak
rCorr  .         Reflect  .     B - +2 pair of gloves
SustAt .         Harm     .     O - +0 pair of boots
MR     +++..                    (no amulet)
Stlth  +++.......               e - ring of Egur {MR+ SInv}
                                v - +5 ring of dexterity

@: lethally poisoned (-1 -> -21), extremely resistant to hostile enchantments,
fairly stealthy
A: change form in water, swift swim, mutation resistance 1
a: Channel Energy, Forget Spell, Renounce Religion


You were on level 1 of the Spider Nest.
You worshipped Sif Muna.
Sif Muna was exalted by your worship.
You were hungry.

You visited 5 branches of the dungeon, and saw 27 of its levels.
You also visited: Ossuary.

You collected 3032 gold pieces.
You spent 649 gold pieces at shops.

Inventory:

Hand Weapons
 d - a +2 demon trident of electrocution (weapon)
 n - the +11 spear "Gyvol" {freeze, rElec MR+}
   (You found it on level 5 of the Dungeon)

   It has been specially enchanted to freeze those struck by it, causing extra
   injury to most foes and up to half again as much damage against particularly
   susceptible opponents.
   It can also slow down cold-blooded creatures.
   It insulates you from electricity.
   It affects your resistance to hostile enchantments.
Missiles
 q - 3 throwing nets (quivered)
Armour
 b - a +2 robe of magic resistance (worn)
 o - a +2 cloak (worn)
 p - a +2 helmet (worn)
 B - a +2 pair of gloves (worn)
 O - a +0 pair of boots (worn)
Jewellery
 e - the ring of Egur (right hand) {MR+ SInv}
   (You bought it in a shop on level 9 of the Dungeon)

   [ring of protection from magic]

   It affects your resistance to hostile enchantments.
   It lets you see invisible.
 f - an uncursed ring of protection from cold
 h - an uncursed ring of resist corrosion
 v - a +5 ring of dexterity (left hand)
Wands
 i - a wand of enslavement (16/24)
 N - a wand of digging (6/24)
 P - a wand of acid (9/15)
 Q - a wand of slowing (24/48)
Scrolls
 m - 11 scrolls of teleportation
 x - 2 scrolls of blinking
 y - 5 scrolls of fog
 C - 7 scrolls of remove curse
 H - 3 scrolls of magic mapping
 M - a scroll of fear
Potions
 a - 3 potions of mutation
 g - 6 potions of brilliance
 k - 10 potions of curing
 l - 2 potions of berserk rage
 r - 4 potions of agility
 s - 3 potions of haste
 u - 3 potions of resistance
 w - 4 potions of cancellation
 z - 3 potions of might
 A - 6 potions of flight
 D - 6 potions of heal wounds
 F - 2 potions of invisibility
 G - 3 potions of magic
 J - a potion of cure mutation
Books
 I - a book of Ice

   Spells                             Type                      Level
   a - Ice Form                       Ice/Transmutation            4
   b - Metabolic Englaciation         Hexes/Ice                    5
   c - Ozocubu's Refrigeration        Ice                          6
   d - Bolt of Cold                   Conjuration/Ice              6
   e - Freezing Cloud                 Conjuration/Ice/Air          6
   f - Simulacrum                     Ice/Necromancy               6
 L - a book of Enchantments

   Spells                             Type                      Level
   a - Cause Fear                     Hexes                        4
   b - Yara's Violent Unravelling     Hexes/Transmutation          5
   c - Silence                        Hexes/Air                    5
   d - Deflect Missiles               Charms/Air                   6
   e - Haste                          Charms                       6
   f - Discord                        Hexes                        8
Comestibles
 c - 5 bread rations
 j - 11 meat rations
 t - 2 beef jerkies
 E - 28 fruits
 K - 3 chunks of flesh


   Skills:
 - Level 5.0 Fighting
 - Level 13.2 Polearms
 - Level 17.0 Dodging
 - Level 2.1 Stealth
   Level 0.0 Shields
 - Level 14.0 Spellcasting
 - Level 8.4 Conjurations
 + Level 9.1 Charms
 - Level 15.1 Ice Magic


You had one spell level left.
You knew the following spells:

 Your Spells              Type           Power        Failure   Level  Hunger
a - Freeze                Ice            ####         0%          1    None
b - Haste                 Chrm           #####...     24%         6    ######.
c - Summon Ice Beast      Ice/Summ       #####...     2%          4    ##.....
d - Ozocubu's Armour      Chrm/Ice       ######..     1%          3    None
e - Throw Icicle          Conj/Ice       #####...     1%          4    ##.....
f - Conjure Flame         Conj/Fire      ###.....     3%          3    None
g - Ice Form              Ice/Trmt       #####...     2%          4    ##.....
h - Freezing Cloud        Conj/Ice/Air   #####.....   41%         6    ######.
i - Ozocubu's Refrigerat  Ice            ######....   1%          6    ######.
j - Metabolic Englaciati  Hex/Ice        #####.....   10%         5    ####...


Dungeon Overview and Level Annotations

Branches:
Dungeon (15/15)            Temple (1/1) D:6            Lair (8/8) D:11
 Shoals (0/4) Lair:3       Spider (1/4) Lair:5        Slime (0/6) Lair:7
    Orc (2/2) D:11            Elf (0/3) Orc:2        Vaults (0/5) D:14
 Depths (0/5) D:15

Altars:
Ashenzari
Cheibriados
Dithmenos
Elyvilon
Fedhas
Gozag
Kikubaaqudgha
Makhleb
Nemelex Xobeh
Okawaru
Pakellas
Qazlal
Ru
Sif Muna
Trog
Vehumet
Xom
Yredelemnul
Zin
The Shining One
Beogh

Shops:
D:9 *   Orc:2 :((*


Innate Abilities, Weirdness & Mutations

You revert to your normal form in water.
You are very nimble and swift while swimming.
You are somewhat resistant to further mutation.


Message History

* * * LOW HITPOINT WARNING * * *
You feel very sick.
Unknown command.
* * * LOW HITPOINT WARNING * * *
You feel very sick.
* * * LOW HITPOINT WARNING * * *
You feel very sick.
* * * LOW HITPOINT WARNING * * *
You feel very sick.
Evoke which item? (* to show all) (? for menu, Esc to quit)
Okay, then.
You cannot drink potions in your current state!
* * * LOW HITPOINT WARNING * * *
You feel very sick.
* * * LOW HITPOINT WARNING * * *
You feel sick.
* * * LOW HITPOINT WARNING * * *
You feel very sick.
You can drink potions again.
You die...

###....## #<......#
#..^....# ##......#
##.......##...#.....#
#.........#.........#
########..#.........#
##.....#..##.^..†...#
#.......@..###....††#
#........##.##.....#
#######....#...#.....# .
##..............###...# ..
#........##.......##..# ...
##.......#............#....
#......#########............
##.#### ....^#^##....... #
......###........


There were no monsters in sight!

Vanquished Creatures
  Gastronok (D:8)
  Maud (D:10)
  2 dire elephants (Lair:3)
  A fire dragon (Lair:8)
  Josephine (D:11)
  Fannar (D:10)
  13 hydras
  An ice dragon (D:14)
  A death knight (D:14)
  3 ogre magi
  17 death yaks
  A queen ant (Lair:5)
  4 centaur warriors
  3 orc high priests (Orc:2)
  Urug (Orc:1)
  Sonja (D:12)
  Nergalle (D:12)
  3 skeletal warriors (D:11)
  An unseen horror (shapeshifter) (D:14)
  2 wizards (D:15)
  7 hill giants
  2 lindwurms (Lair:8)
  5 orc knights
  4 griffons
  A manticore (D:14)
  6 orb spiders (Spider:1)
  3 deep elf magi
  6 oklob plants
  5 ugly things
  6 orc sorcerers
  2 wolf spiders
  2 cyclopes
  2 centaur zombies
  An elephant (shapeshifter) (D:14)
  9 black mambas
  2 gargoyles
  4 elephants (Lair:6)
  Joseph (Lair:1)
  5 torpor snails (Lair:8)
  12 spiny frogs
  3 kobold demonologists
  2 rime drakes (Lair:8)
  7 komodo dragons
  A freezing wraith (D:14)
  5 trolls
  3 polar bears
  6 giant leeches (Lair:8)
  8 jumping spiders (Spider:1)
  7 two-headed ogres
  A raiju (shapeshifter) (D:14)
  22 blink frogs
  A boulder beetle (Spider:1)
  9 slime creatures
  10 redbacks
  2 vampires (D:12)
  A wyvern (D:13)
  3 tarantellas (Spider:1)
  6 wraiths
  43 yaks
  3 shadows (D:12)
  5 basilisks
  A mottled dragon (D:13)
  7 hippogriffs
  A hungry ghost (D:14)
  A warg (Orc:1)
  Duvessa (D:6)
  6 soldier ants
  11 porcupines
  10 water moccasins
  A black bear (D:8)
  15 orc warriors
  6 ice beasts
  2 sky beasts
  18 ogres
  7 wolves
  4 wasps
  22 centaurs
  20 crocodiles
  2 big kobolds (D:8)
  A wyvern zombie (D:13)
  15 giant frogs
  A gnoll sergeant (Orc:2)
  6 water moccasin zombies (Ossuary)
  Dowan (D:6)
  2 scorpions
  25 killer bees
  4 electric eels (Lair:3)
  2 howler monkeys
  2 giant frog zombies
  7 crimson imps
  A quasit (D:13)
  8 hounds
  7 jellies
  14 orc wizards
  9 orc priests
  Crazy Yiuf (D:5)
  6 centaur skeletons
  2 giant frog skeletons
  30 worker ants
  Ijyb (D:3)
  7 iguanas
  22 sheep
  A big kobold zombie (Ossuary)
  A hound zombie (D:7)
  A hound skeleton (D:7)
  2 mummies (Ossuary)
  A worker ant zombie (D:11)
  Robin (D:2)
  6 gnolls
  67 river rats
  16 adders
  4 shadow imps
  An ooze (D:2)
  4 adder zombies (Ossuary)
  2 adder skeletons
  20 worms
  A dart slug (D:2)
  5 giant geckos
  47 orcs
  5 ball pythons
  4 bats
  3 giant cockroaches
  A gnoll zombie (Ossuary)
  11 hobgoblins
  5 jackals
  6 quokkas
  6 giant newts
  17 goblins
  6 hobgoblin zombies (Ossuary)
  14 kobolds
  7 kobold zombies (Ossuary)
  4 orc zombies (Ossuary)
  7 rats
  12 fungi
  10 plants
  A toadstool (Lair:3)
900 creatures vanquished.

Vanquished Creatures (collateral kills)
  Snorg (D:10)
  2 slime creatures (D:14)
  A vault guard (D:14)
  Erica (D:10)
  A hill giant (D:10)
  An ugly thing (D:12)
  A cyclops (D:14)
  A yak (D:12)
  A hippogriff (D:10)
  A necrophage (D:10)
  2 centaurs (D:12)
  A crocodile (Lair:2)
  A giant frog (D:11)
  5 killer bees
  A giant gecko (D:10)
  An orc (D:10)
  3 kobolds (D:8)
25 creatures vanquished.

Vanquished Creatures (others)
  A deep elf mage (D:15)
  An orc wizard (Orc:1)
  A worm (Lair:8)
  A bush (Lair:8)
  40 fungi
  51 plants
  11 toadstools (Lair:3)
106 creatures vanquished.

Grand Total: 1031 creatures vanquished

Notes
Turn   | Place    | Note
--------------------------------------------------------------
     0 | D:1      | ViktorVaughn the Merfolk Ice Elementalist began the quest for the Orb.
     0 | D:1      | Reached XP level 1. HP: 13/13 MP: 3/3
   187 | D:1      | Reached XP level 2. HP: 19/19 MP: 3/5
   195 | D:1      | Learned a level 2 spell: Throw Frost
   508 | D:2      | Found a faded altar to an unknown god.
   554 | D:2      | Reached XP level 3. HP: 24/24 MP: 1/6
   864 | D:2      | Noticed Robin
   865 | D:2      | Found a snail-covered altar of Cheibriados.
   885 | D:2      | Killed Robin
   885 | D:2      | Reached skill level 5 in Ice Magic
   967 | D:2      | Reached XP level 4. HP: 30/30 MP: 1/7
  1046 | D:2      | Learned a level 4 spell: Summon Ice Beast
  1061 | D:2      | Found an opulent altar of Gozag.
  1520 | D:3      | Found a shadowy altar of Dithmenos.
  1538 | D:3      | Reached XP level 5. HP: 28/35 MP: 1/8
  1886 | D:3      | Found a bloodstained altar of Trog.
  1888 | D:3      | Noticed Ijyb
  1895 | D:3      | Killed Ijyb
  2840 | D:3      | Reached XP level 6. HP: 41/41 MP: 6/9
  2993 | D:3      | Reached skill level 1 in Polearms
  3541 | D:4      | Found a shattered altar of Ashenzari.
  3549 | D:4      | Reached skill level 5 in Polearms
  3551 | D:4      | Reached XP level 7. HP: 41/46 MP: 1/10
  3604 | D:4      | Learned a level 3 spell: Ozocubu's Armour
  3750 | D:5      | Entered Level 5 of the Dungeon
  3759 | D:5      | Reached skill level 3 in Dodging
  3980 | D:5      | Found a sand-covered staircase.
  3996 | Ossuary  | Entered an ossuary
  4040 | Ossuary  | Reached skill level 4 in Dodging
  4263 | Ossuary  | Reached skill level 5 in Dodging
  4369 | Ossuary  | Reached skill level 6 in Dodging
  4392 | Ossuary  | Reached XP level 8. HP: 35/52 MP: 11/11
  4564 | Ossuary  | Reached skill level 7 in Dodging
  4832 | Ossuary  | Gained mutation: You are somewhat resistant to further mutation. [potion of beneficial mutation]
  4892 | D:5      | Found a blossoming altar of Fedhas.
  4907 | D:5      | Reached skill level 8 in Dodging
  4995 | D:5      | Got a blackened spear
  5057 | D:5      | Identified the +11 spear "Gyvol" {freeze, rElec MR+} (You found it on level 5 of the Dungeon)
  5296 | D:5      | Noticed Crazy Yiuf
  5301 | D:5      | Killed Crazy Yiuf
  5532 | D:6      | Found a shimmering altar of Xom.
  5550 | D:6      | Noticed Dowan
  5551 | D:6      | Noticed Duvessa
  5564 | D:6      | Killed Duvessa
  5572 | D:6      | Killed Dowan
  5601 | D:6      | Learned a level 4 spell: Throw Icicle
  5653 | D:6      | Found a staircase to the Ecumenical Temple.
  5762 | Temple   | Entered the Ecumenical Temple
  5964 | Temple   | Became a worshipper of Sif Muna the Loreminder
  6142 | D:6      | Found an iron altar of Okawaru.
  6541 | D:7      | Reached XP level 9. HP: 54/57 MP: 15/15
  6845 | D:8      | Noticed Gastronok
  7257 | D:8      | Killed Gastronok
  7257 | D:8      | Reached * piety under Sif Muna
  7257 | D:8      | Reached ** piety under Sif Muna
  7327 | D:8      | Reached XP level 10. HP: 48/63 MP: 3/16
  7480 | D:8      | Reached skill level 9 in Dodging
  7804 | D:8      | Found a blossoming altar of Fedhas.
  7851 | D:8      | Reached skill level 10 in Dodging
  7947 | D:9      | Found an ancient bone altar of Kikubaaqudgha.
  8132 | D:9      | Noticed a gargoyle
  8146 | D:9      | Killed a gargoyle
  8146 | D:9      | Reached skill level 5 in Spellcasting
  8671 | D:9      | Reached *** piety under Sif Muna
  8723 | D:9      | Found Lifukh's Assorted Antiques.
  8727 | D:9      | Bought a runed robe for 17 gold pieces
  8727 | D:9      | Bought an ancient lapis lazuli ring for 125 gold pieces
  8741 | D:9      | Identified the ring of Egur {MR+ SInv} (You bought it in a shop on level 9 of the Dungeon)
  8744 | D:9      | Bought a potion of curing for 75 gold pieces
  8744 | D:9      | Bought 2 potions of curing for 150 gold pieces
  8744 | D:9      | Bought a scroll of identify for 50 gold pieces
  8744 | D:9      | Bought 2 ruby potions for 45 gold pieces
  8744 | D:9      | Bought a silvery potion for 22 gold pieces
  8744 | D:9      | Bought a scroll of magic mapping for 87 gold pieces
  8935 | D:10     | Entered Level 10 of the Dungeon
  8950 | D:10     | Noticed Fannar
  8988 | D:10     | Killed Fannar
  9224 | D:10     | Noticed Erica
  9238 | D:10     | Killed Erica
  9240 | D:10     | Reached skill level 10 in Polearms
  9433 | D:10     | Reached XP level 11. HP: 68/68 MP: 18/22
  9441 | D:10     | Noticed a hill giant
  9453 | D:10     | Killed a hill giant
  9460 | D:10     | Reached skill level 11 in Dodging
  9715 | D:10     | Noticed Snorg
  9729 | D:10     | Killed Snorg
  9746 | D:10     | Noticed Maud
  9770 | D:10     | Killed Maud
  9770 | D:10     | Reached **** piety under Sif Muna
 10228 | D:11     | Noticed a hill giant
 10240 | D:11     | Killed a hill giant
 10479 | D:11     | Found a staircase to the Orcish Mines.
 10480 | D:11     | Reached skill level 1 in Conjurations
 10505 | D:11     | Found a staircase to the Lair.
 10650 | D:11     | Noticed a skeletal warrior
 10845 | D:11     | Found a sparkling altar of Nemelex Xobeh.
 10885 | D:11     | Reached ***** piety under Sif Muna
 11215 | D:11     | Noticed a hill giant
 11232 | D:11     | Killed a hill giant
 11344 | D:11     | Reached skill level 12 in Dodging
 11644 | D:12     | Learned a level 3 spell: Conjure Flame
 11690 | D:12     | Noticed Sonja
 11708 | D:12     | Killed Sonja
 12387 | D:12     | Found a blossoming altar of Fedhas.
 12414 | D:12     | Noticed a deep elf mage
 12422 | D:12     | Reached XP level 12. HP: 74/74 MP: 24/24
 12476 | D:12     | Noticed Nergalle
 13190 | D:12     | Killed Nergalle
 13584 | D:13     | Noticed a centaur warrior
 13595 | D:13     | Killed a centaur warrior
 13705 | D:13     | Reached skill level 10 in Spellcasting
 13924 | D:13     | Noticed a centaur warrior
 13933 | D:13     | Killed a centaur warrior
 14210 | D:13     | Reached ****** piety under Sif Muna
 14210 | D:13     | Received a gift from Sif Muna
 14827 | D:14     | Reached XP level 13. HP: 49/79 MP: 28/28
 15048 | D:14     | Reached skill level 13 in Dodging
 15480 | D:14     | Reached skill level 14 in Dodging
 15947 | D:14     | Noticed an ice dragon
 15947 | D:14     | Noticed a vault guard
 15976 | D:14     | Killed an ice dragon
 15976 | D:14     | Reached skill level 15 in Dodging
 16010 | D:14     | Killed a vault guard
 16497 | D:14     | Found a gate to the Vaults.
 16796 | D:14     | Reached skill level 16 in Dodging
 17016 | D:14     | Reached skill level 1 in Fighting
 17177 | D:15     | Entered Level 15 of the Dungeon
 17659 | D:15     | Reached XP level 14. HP: 85/91 MP: 29/29
 18123 | D:15     | Reached skill level 1 in Charms
 18147 | D:15     | Found a staircase to the Depths.
 18422 | D:11     | Received a gift from Sif Muna
 18429 | D:11     | Identified Fidghuich's Volume of the Volcanoes and Companions (Sif Muna gifted it to you on level 11 of the Dungeon)
 18860 | Orc:1    | Entered Level 1 of the Orcish Mines
 18873 | Orc:1    | Noticed Urug
 18893 | Orc:1    | Killed Urug
 18893 | Orc:1    | Reached skill level 5 in Charms
 19099 | Orc:1    | Noticed Josephine
 19127 | D:11     | Killed Josephine
 19940 | Orc:1    | You fall through a shaft!
 19940 | Orc:2    | Entered Level 2 of the Orcish Mines
 20082 | Orc:2    | Found a staircase to the Elven Halls.
 20450 | Orc:2    | Found a roughly hewn altar of Beogh.
 20656 | Orc:2    | Found Wiosoch's General Store.
 20998 | Orc:1    | Reached skill level 5 in Conjurations
 21994 | Orc:2    | Found Launky's Book Shop.
 21995 | Orc:2    | Found Amunuleufu's Antique Weapon Emporium.
 21997 | Orc:2    | Found Soklopp's Weapon Shop.
 22078 | Orc:2    | Bought 3 scrolls of identify for 78 gold pieces
 22183 | Lair:1   | Entered Level 1 of the Lair of Beasts
 22721 | Lair:1   | Noticed Joseph
 22738 | Lair:1   | Killed Joseph
 24159 | Lair:2   | Reached XP level 15. HP: 71/98 MP: 28/31
 24541 | Lair:2   | Learned a level 4 spell: Ice Form
 24548 | Lair:2   | Learned a level 6 spell: Freezing Cloud
 24555 | Lair:2   | Learned a level 6 spell: Ozocubu's Refrigeration
 24561 | Lair:2   | Learned a level 5 spell: Metabolic Englaciation
 24824 | Lair:3   | Found a staircase to the Shoals.
 24844 | Lair:3   | Received a gift from Sif Muna
 24849 | Lair:3   | Identified Foestrats's Handbook of Destructive Darkness (Sif Muna gifted it to you on level 3 of the Lair of Beasts)
 27499 | Lair:5   | Reached skill level 15 in Ice Magic
 28330 | Lair:5   | Found a hole to the Spider Nest.
 28814 | Lair:6   | Reached skill level 17 in Dodging
 28894 | Lair:6   | Identified a scroll of acquirement
 28898 | Lair:6   | Got a pair of steaming gloves
 29008 | Lair:6   | Reached skill level 5 in Fighting
 29019 | Lair:6   | Identified the +0 pair of gloves of a wizard's laboratory {Dex+2} (You acquired it on level 6 of the Lair of Beasts)
 29713 | Lair:7   | Found a staircase to the Slime Pits.
 29906 | Lair:7   | Received a gift from Sif Muna
 30590 | Lair:7   | Reached XP level 16. HP: 109/109 MP: 0/32
 31369 | Lair:8   | Entered Level 8 of the Lair of Beasts
 33334 | Lair:8   | Found a runed door.
 33345 | Lair:8   | Received a gift from Sif Muna
 33350 | Lair:8   | Identified Xeebon's Catalogue of Fallacy (Sif Muna gifted it to you on level 8 of the Lair of Beasts)
 33863 | Lair:8   | Learned a level 6 spell: Haste
 34912 | Spider:1 | Entered Level 1 of the Spider Nest
 35713 | Spider:1 | HP: 5/109 [poisoned by a redback]
 35715 | Spider:1 | HP: 1/109 [poisoned by a redback]
 35716 | Spider:1 | Succumbed to a redback's poison

Skill      XL: |  1  2  3  4  5  6  7  8  9 10 11 12 13 14 15 16 |
---------------+-------------------------------------------------+-----
Ice Magic      | 4 5 6 7 11 12 13 15 | 15.1
Polearms       | 5 6 8 10 12 13 | 13.2
Dodging        | 6 8 10 12 16 17 | 17.0
Spellcasting   | 4 7 8 11 12 14 | 14.0
Conjurations   | 3 4 7 8 |  8.4
Fighting       | 2 3 5 |  5.0
Charms         | 5 9 |  9.1
Stealth        | |  2.1

Action                   |  1- 3 |  4- 6 |  7- 9 | 10-12 | 13-15 | 16-18 || total
-------------------------+-------+-------+-------+-------+-------+-------++-------
Melee: Unarmed           |     7 |    33 |       |       |    16 |     1 ||    57
       Hand axe          |       |     6 |       |       |       |       ||     6
       Spear             |       |    16 |   408 |   701 |  1445 |       ||  2570
       Glaive            |       |       |       |       |    20 |       ||    20
       Demon trident     |       |       |       |       |   495 |   490 ||   985
       Tailslap          |       |       |       |       |    15 |       ||    15
 Cast: Freeze            |    55 |   103 |    39 |       |     3 |       ||   200
       Throw Frost       |     1 |    10 |    19 |     7 |     1 |       ||    38
       Ozocubu's Armour  |       |       |    10 |    27 |    39 |     2 ||    78
       Throw Icicle      |       |       |     1 |    17 |    45 |    34 ||    97
       Summon Ice Beast  |       |       |     5 |    51 |    34 |     1 ||    91
       Conjure Flame     |       |       |       |       |     6 |     1 ||     7
       Ozocubu's Refrige |       |       |       |       |    10 |    21 ||    31
       Metabolic Englaci |       |       |       |       |     3 |     2 ||     5
       Ice Form          |       |       |       |       |     2 |     4 ||     6
Invok: Forget Spell      |       |       |       |       |     1 |       ||     1
 Abil: End Transformatio |       |       |       |       |     1 |     2 ||     3
  Use: Scroll            |     5 |     8 |     8 |    10 |    19 |       ||    50
       Potion            |       |       |     3 |     2 |     1 |       ||     6
 Stab: Sleeping          |       |     1 |     6 |     6 |    30 |     1 ||    44
       Distracted        |       |       |     1 |     5 |     9 |     6 ||    21
  Eat: Chunk             |     1 |     9 |    13 |    27 |    55 |    17 ||   122
       Pizza             |       |     1 |       |       |     1 |       ||     2
       Bread ration      |       |       |     1 |       |       |     1 ||     2
       Fruit             |       |       |       |     5 |     4 |       ||     9
       Meat ration       |       |       |       |     1 |       |       ||     1
       Beef jerky        |       |       |       |       |       |     2 ||     2
Armor: Robe              |     9 |    40 |    97 |   118 |   152 |    48 ||   464
       Skin              |       |       |       |       |     2 |     3 ||     5
Dodge: Dodged            |    45 |    82 |   263 |   470 |  1099 |   457 ||  2416
Block: Buckler           |     1 |       |       |       |       |       ||     1
